 Dungeon Sprint DCSS version 0.31-a0-256-g80acddb972 (webtiles) character file.

Game seed: 8514214208931965557

2352 Conn the Arsonist (level 9, 0/55 HPs)
             Began as an Octopode Fire Elementalist on July 13, 2023.
             Was a Priest of Sif Muna.
             Slain by a flying skull (9 damage)
             ... in the Dungeon (Sprint II: "The Violet Keep of Menkaure").
             The game lasted 00:09:50 (709 turns).

Conn the Arsonist (Octopode Fire Elementalist)       Turns: 709, Time: 00:09:51

Health: 0/55       AC:  8    Str:  7    XL:     9   Next: 43%
Magic:  5/23       EV: 15    Int: 21    God:    Sif Muna [***...]
Gold:   404        SH:  0    Dex: 13    Spells: 2/28 levels left

rFire   + . .        e - +1 short sword (protect)
rCold   + . .        (no shield)
rNeg    . . .        (helmet restricted)
rPois   +            u - amulet of faith
rElec   +            v - ring of resist corrosion
rCorr   +            n - ring of poison resistance
SInv    .            (no ring)
Will    .....        (no ring)
Stlth   ++++++       (no ring)
HPRegen 0.29/turn    (no ring)
MPRegen 0.18/turn    (no ring)
                     (no ring)

%: no teleportation, faith
@: ice-armoured, resistant, hasted, very quick
A: almost no armour, amphibious, 8 rings, camouflage 1, gelatinous body 1,
nimble swimmer 1, tentacles
a: Renounce Religion, Channel Magic, Forget Spell


You were in the Dungeon.
You worshipped Sif Muna.
Sif Muna was most pleased with you.
You visited 1 branch You collected 884 gold pieces.
You spent 480 gold pieces at shops.

Inventory:

Hand Weapons
 e - a +1 short sword of protection (weapon)
Jewellery
 n - a ring of poison resistance (right tentacle)
 u - an amulet of faith (around mantle)
 v - a ring of resist corrosion (left tentacle)
Talismans
 r - a serpent talisman
Scrolls
 f - a scroll of blinking
 g - 2 scrolls of fear
 i - a scroll of summoning
 j - a scroll of torment
 q - a scroll of revelation
 t - a scroll of brand weapon
 w - a scroll of enchant armour
Potions
 a - 7 potions of magic
 k - a potion of might
 o - 3 potions of enlightenment
 p - a potion of resistance


   Skills:
 + Level 2.3 Fighting
 + Level 6.3 Dodging
 - Level 8.2 Stealth
 - Level 0.9 Unarmed Combat
 * Level 10.3 Spellcasting
 * Level 4.2 Conjurations
 + Level 0.4 Hexes
 + Level 4.4 Summonings
 + Level 13.8 Fire Magic
 + Level 4.5 Ice Magic
 * Level 2.9 Invocations


You had 2 spell levels left.
You knew the following spells:

 Your Spells              Type           Power      Damage    Failure   Level
a - Foxfire               Conj/Fire      100%       2x1d9     1%          1
b - Scorch                Fire           100%       2d9       1%          2
c - Inner Flame           Hex/Fire       40%        N/A       1%          3
d - Flame Wave            Conj/Fire      48%        2d12      1%          4
e - Mephitic Cloud        Conj/Pois/Air  16%        N/A       11%         3
f - Ozocubu's Armour      Ice            29%        N/A       3%          3
g - Call Imp              Summ           58%        N/A       1%          2
h - Stone Arrow           Conj/Erth      38%        3d9       8%          3
i - Summon Forest         Summ/Tloc      10%        N/A       56%         5

Your spell library contained the following spells:

 Spells                   Type           Power      Damage    Failure   Level
 Magic Dart               Conj           100%       1d8       1%          1
 Apportation              Tloc           20%        N/A       6%          1
 Sandblast                Erth           20%        2d7       6%          1
 Passwall                 Tmut/Erth      8%         N/A       10%         2
 Volatile Blastmotes      Fire/Tloc      78%        2d16      1%          3
 Summon Mana Viper        Hex/Summ       20%        N/A       54%         5
 Summon Cactus Giant      Summ           14%        N/A       85%         6
 Alistair's Intoxication  Tmut/Pois      6%         N/A       87%         5
 Ozocubu's Refrigeration  Ice            14%        4d10      100%        7


Dungeon Overview and Level Annotations

Branches:
Dungeon (1/1)

Altars:
Cheibriados
Dithmenos
Elyvilon
Fedhas
Gozag
Hepliaklqana
Kikubaaqudgha
Makhleb
Nemelex Xobeh
Okawaru
Qazlal
Ru
Sif Muna
Trog
Uskayaw
Vehumet
Wu Jian
Xom
Yredelemnul
Zin
The Shining One
Jiyva
Lugonu

Shops:
D :=[=[(*!:?([?!?

Annotations:
D exclusions: oklob plant and orange crystal statue


Innate Abilities, Weirdness & Mutations

You cannot wear most types of armour.
You are amphibious.
You can wear up to eight rings at the same time.
Your skin changes colour to match your surroundings (Stealth+).
Your rubbery body absorbs attacks. (AC +1, EV +1)
You are camouflaged when in or above water. (Stealth+)
You have tentacles for arms and can constrict up to eight enemies at once.


Message History

The flying skull is severely damaged.
The flame wave engulfs the flying skull!
The flying skull resists.
You destroy the flying skull!
Sif Muna accepts your kill.
You can now freely open your mind to new spells.
The flying skull hits you!
* * * LOW HITPOINT WARNING * * *
Unknown command.
A wave of flame ripples out!
The flame wave engulfs the flying skull.
The flying skull resists.
The flying skull is severely damaged.
The flame wave engulfs the flying skull!
The flying skull resists.
The flying skull is moderately damaged.
The flame wave engulfs the flying skull.
The flying skull resists.
The flying skull is moderately damaged.
The flame wave engulfs the flying skull.
The flying skull resists.
The flying skull is severely damaged.
The flame wave engulfs the flying skull.
The flying skull resists.
The flying skull is heavily damaged.
The flame wave engulfs the flying skull.
The flying skull resists.
The flying skull is moderately damaged.
You finish channelling waves of flame.
The flying skull completely misses you.
Casting: Flame Wave (dangerous; 1% risk of failure)
Confirm with . or Enter, or press ? or * to list all spells.
Casting: Flame Wave (dangerous; 1% risk of failure)
Press: ? - help, Dir - look around, f - activate A wave of flame ripples out!
The flame wave engulfs the flying skull.
The flying skull resists.
The flying skull is severely damaged. (Press . to intensify the flame waves.)
The flying skull hits you!
You die...

#~~~≈≈≈~~~~~#..._._._#~~§§≈##.
~~~~~≈≈§§~~~#.._._._.#~~~§§≈#.
++#~≈§≈§§≈§~#._._._._#§§§~§§'.
##≈≈≈###≈≈#_._._._.#~§~§≈§#.
## #≈≈#._._._..#~~≈≈≈≈▓.
≈#+#§§#.._._._.#§≈≈≈▓▓▓▓
≈§§≈§§##########§§≈≈▓zzz
#######§§§~~~~~~§≈≈§▓zzz
§≈≈§###@########≈▓▓▓▓▓▓▓
○§≈≈z##z# #▓▓ °§§§zzzz#
.§§zz#### ≈§§§# ####


You could see 8 flying skulls.

Vanquished Creatures
  2 deep trolls (D)
  4 flying skulls (D)
  4 water moccasins (D)
  4 necrophages (D)
  2 worms (D)
16 creatures vanquished.

Vanquished Creatures (others)
  Menkaure (D)
  A water moccasin (D)
  20 foxfires (D)
22 creatures vanquished.

Grand Total: 38 creatures vanquished

Notes
Turn   | Place    | Note
-------+----------+-------------------------------------------
     0 | D        | Conn the Octopode Fire Elementalist began the quest for the
                  | Orb.
     0 | D        | Reached XP level 1. HP: 11/11 MP: 3/3
     4 | D        | Noticed a necrophage
     4 | D        | Noticed a necrophage
     4 | D        | Noticed a necrophage
     4 | D        | Noticed a necrophage
    11 | D        | Killed a necrophage
    12 | D        | Reached skill level 6 in Fire Magic
    12 | D        | Reached XP level 2. HP: 17/17 MP: 4/6
    12 | D        | Reached XP level 3. HP: 21/21 MP: 4/7
    12 | D        | Reached XP level 4. HP: 27/27 MP: 5/9
    14 | D        | Killed a necrophage
    15 | D        | Reached skill level 5 in Stealth
    15 | D        | Reached skill level 7 in Fire Magic
    15 | D        | Reached XP level 5. HP: 31/31 MP: 5/11
    17 | D        | Reached skill level 8 in Fire Magic
    23 | D        | Reached skill level 5 in Spellcasting
    23 | D        | Reached skill level 9 in Fire Magic
    23 | D        | Reached XP level 6. HP: 13/37 MP: 6/13
    33 | D        | Killed Menkaure
    43 | D        | Learned a level 2 spell: Scorch
    47 | D        | Learned a level 3 spell: Inner Flame
    52 | D        | Learned a level 4 spell: Flame Wave
    64 | D        | Found Owkik's Magic Scroll Emporium.
    64 | D        | Found Vedoaf's Antique Armour Shoppe.
    64 | D        | Found Qys Kul's Distillery.
    64 | D        | Found Ysiptev's Antique Weapon Emporium.
    65 | D        | Found Hoklaff's Magic Scroll Emporium.
    65 | D        | Found Kuisouw's Book Shoppe.
    65 | D        | Found Neuckep's Distillery.
    65 | D        | Found Wofroesh's General Store.
    66 | D        | Found Enownaro's Weapon Emporium.
    66 | D        | Found Joxter's Antique Armour Shoppe.
    66 | D        | Found Nelawk's Jewellery Shoppe.
    66 | D        | Noticed a shining eye
    67 | D        | Found Gisung's Magic Scroll Emporium.
    67 | D        | Noticed a shining eye
    68 | D        | Found Tusiklan's Armour Shoppe.
    68 | D        | Found Ykki's Jewellery Emporium.
    68 | D        | Noticed a water moccasin
    68 | D        | Noticed a shining eye
    68 | D        | Noticed an oklob plant
    69 | D        | Found Tavom's Book Shoppe.
    73 | D        | Noticed a polar bear
    78 | D        | Bought a book of Minor Magic for 252 gold pieces
    91 | D        | Noticed a polar bear
    95 | D        | Bought a +1 short sword of protection for 148 gold pieces
    98 | D        | Bought a scroll of fear for 52 gold pieces
    99 | D        | Bought a scroll of identify for 28 gold pieces
   108 | D        | Killed a water moccasin
   109 | D        | Reached skill level 1 in Fighting
   109 | D        | Reached skill level 5 in Dodging
   109 | D        | Reached skill level 10 in Fire Magic
   116 | D        | Noticed an orange crystal statue
   126 | D        | Noticed a water moccasin
   132 | D        | Found a snail-covered altar of Cheibriados.
   132 | D        | Killed a water moccasin
   133 | D        | Found a shadowy altar of Dithmenos.
   133 | D        | Found a viscous altar of Jiyva.
   134 | D        | Found a white marble altar of Elyvilon.
   134 | D        | Found an ancient bone altar of Kikubaaqudgha.
   135 | D        | Found a blossoming altar of Fedhas.
   135 | D        | Found a corrupted altar of Lugonu.
   135 | D        | Found a shimmering blue altar of Sif Muna.
   135 | D        | Found a hazy altar of Hepliaklqana.
   135 | D        | Found a sacrificial altar of Ru.
   136 | D        | Found an opulent altar of Gozag.
   136 | D        | Found a burning altar of Makhleb.
   136 | D        | Found a bloodstained altar of Trog.
   137 | D        | Found a sparkling altar of Nemelex Xobeh.
   137 | D        | Found a hide-covered altar of Uskayaw.
   138 | D        | Found a basalt altar of Yredelemnul.
   139 | D        | Found an iron altar of Okawaru.
   139 | D        | Found a radiant altar of Vehumet.
   139 | D        | Found a glowing silver altar of Zin.
   139 | D        | Found a shimmering altar of Xom.
   140 | D        | Found a stormy altar of Qazlal.
   140 | D        | Found an ornate altar of the Wu Jian Council.
   140 | D        | Found a glowing golden altar of the Shining One.
   142 | D        | Noticed a water moccasin
   144 | D        | Noticed a water moccasin
   146 | D        | Became a worshipper of Sif Muna the Loreminder
   160 | D        | Noticed a kraken
   165 | D        | Killed a water moccasin
   165 | D        | Killed a water moccasin
   166 | D        | Reached skill level 11 in Fire Magic
   166 | D        | Reached XP level 7. HP: 22/44 MP: 7/16
   169 | D        | Reached * piety under Sif Muna
   349 | D        | Learned a level 3 spell: Mephitic Cloud
   353 | D        | Learned a level 3 spell: Ozocubu's Armour
   356 | D        | Learned a level 2 spell: Call Imp
   487 | D        | Noticed a deep troll
   488 | D        | Noticed a deep troll
   490 | D        | Noticed a flying skull
   490 | D        | Noticed a flying skull
   490 | D        | Noticed a flying skull
   490 | D        | Noticed a flying skull
   490 | D        | Noticed a flying skull
   490 | D        | Noticed a flying skull
   496 | D        | Killed a deep troll
   497 | D        | Reached skill level 12 in Fire Magic
   497 | D        | Reached XP level 8. HP: 50/50 MP: 3/20
   626 | D        | Killed a deep troll
   627 | D        | Reached skill level 13 in Fire Magic
   627 | D        | Reached XP level 9. HP: 38/54 MP: 8/22
   631 | D        | Learned a level 3 spell: Stone Arrow
   637 | D        | Learned a level 5 spell: Summon Forest
   692 | D        | Reached ** piety under Sif Muna
   693 | D        | Reached skill level 1 in Invocations
   707 | D        | Reached skill level 10 in Spellcasting
   707 | D        | Reached *** piety under Sif Muna
   709 | D        | Slain by a flying skull

Illustrated notes

Levels and vault maps discovered:
D:        the_violet_keep_of_menkaure [sprint2_stairs_cluster_1,
          sprint2_shoproom, sprint2_temple, sprint2_basic_supplies,
          sprint2_obstacle_3, sprint2_obstacle_1, sprint2_obstacle_4,
          sprint2_obstacle_5, sprint2_obstacle_6, sprint2_timed_cluster_1,
          sprint2_smallroom_cluster_1, sprint2_smallroom_final_cluster_1,
          sprint2_transparent_cluster_1, sprint2_second_timed_cluster_1,
          sprint2_sniper_area_1, sprint2_heavy_combat_area_1,
          sprint2_mutation_trap_area_1, sprint2_forest_area_1,
          sprint2_light_combat_area_1, sprint2_behind_water_1,
          sprint2_near_end_vault_1]

Skill      XL: |  1  2  3  4  5  6  7  8  9 |
---------------+----------------------------+-----
Dodging        | 3 4 5 6 |  6.3
Stealth        | 4 5 6 7 8 |  8.2
Spellcasting   | 3 4 5 6 8 9 10 | 10.3
Fire Magic     | 6 7 9 11 12 13 | 13.8
Fighting       | 1 2 |  2.3
Conjurations   | 2 3 4 |  4.2
Summonings     | 3 4 |  4.4
Ice Magic      | 3 4 |  4.5
Invocations    | 2 |  2.9
Unarmed Combat | |  0.9
Hexes          | |  0.4

Action                     |  1- 3 |  4- 6 |  7- 9 || total
---------------------------+-------+-------+-------++-------
  Melee: Unarmed           |     6 |    11 |       ||    17
         Tentacles         |     1 |     6 |     1 ||     8
         Constrict         |     1 |     3 |     1 ||     5
         Short sword       |       |     1 |     6 ||     7
   Cast: Foxfire           |       |     3 |     9 ||    12
         Scorch            |       |     2 |    25 ||    27
         Flame Wave        |       |     2 |     6 ||     8
         Mephitic Cloud    |       |       |     1 ||     1
         Inner Flame       |       |       |     1 ||     1
         Ozocubu's Armour  |       |       |     1 ||     1
    Use: Potion            |     1 |       |    12 ||    13
         Scroll            |       |       |     6 ||     6
 Armour: Skin              |       |     1 |     4 ||     5
  Dodge: Dodged            |     2 |     4 |    16 ||    22

Table legend: (Time is in decaauts)
 A = Elapsed time spent in this place.
 B = Non-inter-level travel time spent in this place.
 C = Inter-level travel time spent in this place.
 D = Time resting spent in this place.
 E = Time spent auto-exploring this place.
 F = Levels seen in this place.
 G = Mean time per level.
                   A        B        C        D        E       F      G
               +--------+--------+--------+--------+--------+-----+--------+
         Total |    710 |    710 |      0 |    215 |      0 |   1 |  710.0 |
       Dungeon |    710 |    710 |      0 |    215 |      0 |   1 |  710.0 |
               +--------+--------+--------+--------+--------+-----+--------+

Top non-repeatable levels by time:
       D: 710 daAuts
